[Event "45th FIDE Olympiad 2024"]
[Site "Budapest"]
[Date "2024.09.14"]
[Round "4.91"]
[White "Samuel, Jhon"]
[Black "Marochkina, Nadezhda Valerevna"]
[Result "0-1"]
[ECO "D11"]
[WhiteElo "1545"]
[BlackElo "1792"]
[PlyCount "98"]
[EventDate "2024.09.05"]
[EventType "team-tourn"]
[EventCountry "HUN"]
[WhiteTeam "British Virgin Islands"]
[BlackTeam "Senegal"]
[WhiteTeamCountry "IVB"]
[BlackTeamCountry "SEN"]
[TimeControl "40/5400+30:1800+30"]

1. d4 d5 2. c4 Nf6 3. Nc3 c6 4. e3 Bg4 5. Nf3 e6 6. cxd5 exd5 7. Be2 Bd6 8. h3 Bh5 9. Ne5 Bxe2 10. Qxe2 Nbd7 11. f4 Ne4 12. Nxe4 dxe4 13. O-O Nf6 14. a4 O-O 15. b3 Nd5 16. Bb2 f5 17. Ba3 Bxa3 18. Rxa3 Qe7 19. Raa1 Qb4 20. Qc4 Rad8 21. Qxb4 Nxb4 22. Rac1 Rfe8 23. Rfd1 Rd5 24. Rc5 Red8 25. Rxd5 Nxd5 26. Kf2 Kf8 27. Ke2 Nc3+ 28. Kd2 Nxd1 29. Kxd1 c5 30. d5 Rxd5+ 31. Kc2 g5 32. g3 Ke7 33. Kc1 gxf4 34. gxf4 Rd6 35. Kc2 Rh6 36. h4 Rxh4 37. Kd2 Rh2+ 38. Kc1 h5 39. Nc4 b6 40. Kd1 h4 41. Ke1 Rc2 42. Kf1 Rc3 43. Kf2 Rxb3 44. Ne5 Rb2+ 45. Kf1 Ke6 46. Nc4 Rb4 47. Ne5 Rxa4 48. Kg2 Ra3 49. Nc4 Rc3 {0-} 0-1

[Event "45th FIDE Olympiad 2024"]
[Site "Budapest"]
[Date "2024.09.14"]
[Round "4.92"]
[White "Baidetskyi, Valentin"]
[Black "Shirliyev, Allayar"]
[Result "1-0"]
[ECO "C24"]
[WhiteElo "2512"]
[BlackElo "2200"]
[Annotator "ChessBase"]
[PlyCount "107"]
[EventDate "2024.09.05"]
[EventType "team-tourn"]
[EventCountry "HUN"]
[SourceTitle "playchess.com"]
[Source "ChessBase"]
[SourceQuality "1"]
[WhiteTeam "Austria"]
[BlackTeam "Turkmenistan"]
[WhiteTeamCountry "AUT"]
[BlackTeamCountry "TKM"]
[TimeControl "40/5400+30:1800+30"]

1. e4 e5 2. Nf3 Nc6 3. Bc4 Nf6 4. d3 d5 5. exd5 Nxd5 6. O-O Nb6 7. Bb5 Bd6 8. Bxc6+ bxc6 9. Nxe5 Bxe5 10. Re1 Qe7 11. f4 Bd4+ 12. Kh1 Be6 13. f5 O-O 14. fxe6 fxe6 15. Nd2 Nd5 16. Nf3 Bc5 17. d4 Bb4 18. c3 Nxc3 19. bxc3 Bxc3 20. Re3 Bxa1 21. Ba3 Rxf3 22. Bxe7 Rxe3 23. Qxa1 Rb8 24. h3 e5 25. dxe5 Re8 26. Bc5 R3xe5 27. Qc3 a6 28. Bd4 Rg5 29. Qxc6 Re1+ 30. Kh2 Rg6 31. Qxc7 h6 32. Qc3 Ree6 33. a4 Kh8 34. Qf3 Rd6 35. Qf4 Rd5 36. Qe4 Rdd6 37. a5 Rg5 38. h4 Rgg6 39. Be5 Rc6 40. h5 Rge6 41. Qd5 Kh7 42. Kg3 Rf6 43. Bxf6 Rxf6 44. Qd8 Rc6 45. Qb6 Rf6 46. Qxf6 gxf6 47. Kf4 Kg7 48. Kf5 Kf7 49. g4 Ke7 50. Kg6 Ke6 51. Kxh6 f5 52. gxf5+ Kf6 53. Kh7 Kf7 54. h6 1-0

[Event "45th FIDE Olympiad 2024"]
[Site "Budapest"]
[Date "2024.09.14"]
[Round "4.93"]
[White "Zambrana, Osvaldo"]
[Black "Peralta, Fernando"]
[Result "0-1"]
[ECO "C07"]
[WhiteElo "2405"]
[BlackElo "2558"]
[Annotator "TA"]
[PlyCount "54"]
[EventDate "2024.09.05"]
[EventType "team-tourn"]
[EventCountry "HUN"]
[SourceTitle "playchess.com"]
[Source "ChessBase"]
[SourceQuality "1"]
[WhiteTeam "Bolivia"]
[BlackTeam "Argentina"]
[WhiteTeamCountry "BOL"]
[BlackTeamCountry "ARG"]
[TimeControl "40/5400+30:1800+30"]

1. e4 e6 2. d4 d5 3. Nd2 c5 4. Ngf3 cxd4 5. exd5 Qxd5 6. Bc4 Qd8 7. O-O Nc6 8. Nb3 a6 9. Nbxd4 Nxd4 10. Nxd4 Qc7 {Dodges Bf4. The position is equal.} 11. Qe2 Bd6 12. Kh1 Ne7 {[%cal Oe8g8] Prevents Nf5.} 13. Bb3 O-O 14. Nf3 b5 15. Ng5 Bb7 (15... Bxh2 $6 16. Qh5 (16. Qe4 Ng6 $17) 16... h6 17. Qxh2 $11) 16. Qd3 Ng6 ({And not} 16... Bxh2 17. Qxh7#) 17. h4 Bf4 $19 ({Not} 17... Nxh4 18. Qxh7#) 18. Rg1 (18. f3 {was necessary.}) 18... Rad8 $40 {[%mdl 128] Black attacks with force.} ({Inferior is} 18... Nxh4 19. Qxh7#) 19. Qh3 (19. Qc3) 19... Bxc1 20. Raxc1 (20. Rgxc1 $142 Nf4 21. Qg3 Bxg2+ 22. Kh2) 20... Rd4 21. h5 Rh4 22. hxg6 Qf4 23. gxf7+ Rxf7 {( -> ...Rf6)} 24. Bxe6 Qxg5 25. f3 Rxh3+ 26. Bxh3 {[#]} Rxf3 $1 27. Be6+ {[#]} (27. gxf3 Bxf3+) 27... Rf7 $1 {Weighted Error Value: White=1.27/Black=0.11 (very precise) .  Mistake:       	White=4     	---        Inaccurate:     	White=3     	---        OK:         	White=2     	Black=6      Best:        	---       	Black=3} 0-1

[Event "45th FIDE Olympiad 2024"]
[Site "Budapest"]
[Date "2024.09.14"]
[Round "4.94"]
[White "Krysa, Leandro"]
[Black "Gemy, Jose Daniel"]
[Result "1/2-1/2"]
[ECO "A17"]
[WhiteElo "2495"]
[BlackElo "2315"]
[Annotator "ChessBase"]
[PlyCount "112"]
[EventDate "2024.09.05"]
[EventType "team-tourn"]
[EventCountry "HUN"]
[SourceTitle "playchess.com"]
[Source "ChessBase"]
[SourceQuality "1"]
[WhiteTeam "Argentina"]
[BlackTeam "Bolivia"]
[WhiteTeamCountry "ARG"]
[BlackTeamCountry "BOL"]
[TimeControl "40/5400+30:1800+30"]

1. c4 Nf6 2. Nc3 e6 3. Nf3 b6 4. e4 Bb7 5. Qe2 e5 6. Nxe5 Qe7 7. d4 d6 8. Nd3 Nxe4 9. Nd5 Bxd5 10. cxd5 Nf6 11. Bg5 Qxe2+ 12. Bxe2 Nxd5 13. Bf3 c6 14. Bxd5 cxd5 15. Nb4 Kd7 16. Rc1 h6 17. Be3 Be7 18. Kd2 Bd8 19. Rc2 b5 20. Kd3 Ba5 21. Nxd5 Nc6 22. Rhc1 Rhc8 23. g4 Ke6 24. Nf4+ Kd7 25. Nd5 Bd8 26. f4 Ne7 27. Rxc8 Rxc8 28. Nxe7 Rxc1 29. Bxc1 Bxe7 30. d5 g6 31. Ke4 h5 32. h3 hxg4 33. hxg4 f6 34. Be3 a6 35. f5 g5 36. Bb6 Bd8 37. Bd4 Kc7 38. Kd3 Kd7 39. Kc3 Kc7 40. Kb4 Kb7 41. a4 bxa4 42. Kxa4 Be7 43. Be3 Bd8 44. Bd2 Be7 45. Ba5 Ka7 46. b4 Kb7 47. b5 axb5+ 48. Kxb5 Bf8 49. Bd8 Bg7 50. Bb6 Bf8 51. Bd8 Bg7 52. Ba5 Bf8 53. Bc3 Be7 54. Bd4 Bd8 55. Bc3 Be7 56. Bd4 Bd8 1/2-1/2

[Event "45th FIDE Olympiad 2024"]
[Site "Budapest"]
[Date "2024.09.14"]
[Round "4.94"]
[White "Senglek, Khonsavanh"]
[Black "Winston Gerald, Mansfield Thomas"]
[Result "1/2-1/2"]
[ECO "B07"]
[WhiteElo "1591"]
[BlackElo "1950"]
[PlyCount "128"]
[EventDate "2024.09.05"]
[EventType "team-tourn"]
[EventCountry "HUN"]
[WhiteTeam "Laos"]
[BlackTeam "Sierra Leone"]
[WhiteTeamCountry "LAO"]
[BlackTeamCountry "SIE"]
[TimeControl "40/5400+30:1800+30"]

1. e4 d6 2. d4 Nf6 3. Bd3 c6 4. c3 Qc7 5. Nf3 Bg4 6. Nbd2 e5 7. h3 Bh5 8. Qb3 Nbd7 9. Nh4 Bg6 10. Nxg6 hxg6 11. Nf3 Qb6 12. Be3 Qxb3 13. axb3 a6 14. Ke2 Be7 15. Ra5 Bd8 16. Ra3 O-O 17. Rd1 Bc7 18. Nh4 Rae8 19. f3 d5 20. dxe5 Bxe5 21. f4 Bd6 22. Ra4 dxe4 23. Bxa6 Bc5 24. Bxb7 Bxe3 25. Kxe3 Nc5 26. Bxc6 Nxa4 27. bxa4 Rb8 28. Rd2 Rfd8 29. Rxd8+ Rxd8 30. Bb5 Rd1 31. a5 Rd5 32. c4 Rd3+ 33. Ke2 Rb3 34. a6 Rxb2+ 35. Ke3 Kf8 36. Bc6 Ra2 37. Bb7 Ke7 38. Kd4 Kd6 39. c5+ Kc7 40. g4 Ra4+ 41. Ke3 Ra3+ 42. Kd4 e3 43. Bf3 Rxa6 44. Kxe3 Ra3+ 45. Kd4 Ra4+ 46. Ke3 Nd7 47. c6 Nb6 48. Ng2 Nc4+ 49. Kf2 Ra2+ 50. Ke1 Ra1+ 51. Kf2 Na5 52. Bd5 f6 53. Nh4 Nxc6 54. Bxc6 Kxc6 55. Nxg6 Ra3 56. Kg2 Kd6 57. Nh4 Ke6 58. Nf3 Kd5 59. Nh4 Ke4 60. f5 Kf4 61. Ng6+ Kg5 62. Kh2 Re3 63. Kg2 Ra3 64. Kh2 Rb3 1/2-1/2

[Event "45th FIDE Olympiad 2024"]
[Site "Budapest"]
[Date "2024.09.14"]
[Round "4.95"]
[White "Ticona Rocabado, Licael Roderick"]
[Black "Flores, Diego"]
[Result "0-1"]
[ECO "A31"]
[WhiteElo "2321"]
[BlackElo "2546"]
[Annotator "TA"]
[PlyCount "154"]
[EventDate "2024.09.05"]
[EventType "team-tourn"]
[EventCountry "HUN"]
[SourceTitle "playchess.com"]
[Source "ChessBase"]
[SourceQuality "1"]
[WhiteTeam "Bolivia"]
[BlackTeam "Argentina"]
[WhiteTeamCountry "BOL"]
[BlackTeamCountry "ARG"]
[TimeControl "40/5400+30:1800+30"]

1. d4 Nf6 2. c4 c5 3. Nf3 cxd4 4. Nxd4 b6 5. Nc3 Bb7 6. Bg5 Nc6 7. e4 Qb8 8. f3 e6 {The position is equal.} 9. Be3 Bc5 10. Be2 O-O 11. Nxc6 Bxc6 12. Qd2 Rd8 13. O-O Qf4 14. Nd1 d5 15. exd5 (15. cxd5 $5 exd5 16. Rc1 $11) 15... exd5 16. Rf2 Bxe3 (16... dxc4 17. Bxf4 Rxd2 18. Bxd2 $18) 17. Qxe3 Qd6 18. cxd5 (18. Bf1 {looks sharper.} dxc4 19. Bxc4 Re8 20. Qb3) 18... Nxd5 19. Qd4 Qh6 20. Bf1 Nf4 21. Qb4 Qh4 {Black is much more active.} 22. a3 Qg5 23. Kh1 h5 24. Nc3 h4 25. Ne4 Qh6 26. Rd2 (26. Rc2 $11 {keeps the balance.}) 26... h3 $17 27. g3 {[#]} Qh5 $1 28. Qc3 $15 Bxe4 29. fxe4 Ne6 30. Re1 Rxd2 31. Qxd2 Rd8 (31... Qf3+ 32. Kg1 Rd8 33. Qc1 $17) 32. Qc2 (32. Qe3 $15) 32... Ng5 33. Be2 (33. Qf2 $142) 33... Qg6 34. Bg4 Qf6 $40 {[%mdl 128] Repels Rf1. Black wants a kill.} 35. e5 Qe7 36. Qf2 (36. Bc8 {was called for.}) 36... g6 37. Kg1 Rd5 ({Better is} 37... Kh7 $19 38. b4 Qc7) 38. Qf4 (38. Qe3 $17) 38... f5 39. Be2 Ne4 $2 (39... Rxe5 40. Bc4+ Kf8 41. Rxe5 $17) ({Black should try} 39... Qc5+ $19 40. Qf2 Rxe5 41. Qxc5 Rxc5) 40. Bf1 $2 (40. b4 $1 $15 Kg7 (40... Rxe5 41. Qh6 $15) (40... Qxe5 41. Qxe5 Rxe5 42. Bf1 $15) 41. e6) 40... Qc5+ $19 (40... Rxe5 41. b4 $15) (40... Qxe5 41. Qxe5 Rxe5 42. Bxh3 $11) 41. Qe3 Qxe3+ 42. Rxe3 {[%mdl 4096] Endgame. KRB-KRN} Rd1 {White must now prevent ...Nd2.} ({Worse is} 42... Rxe5 43. Bxh3 Rc5 44. g4 $11) 43. Rd3 Nd2 44. Kf2 Rxf1+ {KRN-KR} 45. Ke2 {[#]} Rh1 $1 46. Kxd2 Rxh2+ {KR-KR} 47. Ke3 Rxb2 48. e6 Kf8 49. Rd7 Rb1 {aiming for ...h2.} 50. Rh7 Re1+ 51. Kf2 Rxe6 52. Rxa7 $2 (52. Rxh3 Re4 53. Rh7) 52... g5 53. g4 fxg4 (53... Rh6 $142 54. Ra8+ Kg7 55. Ra7+ Kf6) 54. Rh7 Re4 {[%cal Og4g3] Hoping for ...g3+!} 55. Rh6 Kg7 56. Rxb6 {[#]} Re1 $3 {[%mdl 512] Black mates.} 57. Rb7+ Kg6 58. Rb6+ Kh5 59. Rb8 Ra1 60. Rh8+ Kg6 61. Kg3 Rg1+ ({Not} 61... Rxa3+ 62. Kxg4 Ra1 63. Rxh3 $15) 62. Kh2 Rg2+ 63. Kh1 Ra2 64. a4 Kf5 65. Rf8+ Ke4 66. Re8+ Kf3 67. Rf8+ Kg3 68. Rf1 Kh4 69. Rb1 g3 70. Rb4+ g4 71. Rb1 g2+ 72. Kg1 g3 73. Rb4+ Kg5 74. Rb5+ Kf6 75. Rb6+ Ke7 76. Re6+ Kxe6 77. a5 h2# {Weighted Error Value: White=0.65/Black=0.39.  Loses game:     	White=1     	---        Mistake:       	White=6     	Black=3      Inaccurate:     	White=4     	Black=2      OK:         	White=10    	Black=16     Best:        	White=2     	Black=3} 0-1

[Event "45th FIDE Olympiad 2024"]
[Site "Budapest"]
[Date "2024.09.14"]
[Round "4.96"]
[White "Sosa, Tomas"]
[Black "Pinto, Daniel"]
[Result "1-0"]
[ECO "B13"]
[WhiteElo "2515"]
[BlackElo "2273"]
[Annotator "ChessBase"]
[PlyCount "89"]
[EventDate "2024.09.05"]
[EventType "team-tourn"]
[EventCountry "HUN"]
[SourceTitle "playchess.com"]
[Source "ChessBase"]
[SourceQuality "1"]
[WhiteTeam "Argentina"]
[BlackTeam "Bolivia"]
[WhiteTeamCountry "ARG"]
[BlackTeamCountry "BOL"]
[TimeControl "40/5400+30:1800+30"]

1. e4 c6 2. d4 d5 3. exd5 cxd5 4. Bd3 Nc6 5. c3 Qc7 6. Ne2 e6 7. Nd2 Bd6 8. Nf3 Nf6 9. Ng3 Ne7 10. Qe2 Ng6 11. Nf5 Bf4 12. Bb5+ Kf8 13. Ne3 a6 14. Bd3 Bd6 15. g3 b6 16. h4 Ne7 17. Ng2 h5 18. Bf4 Bxf4 19. Nxf4 g6 20. Ne5 Kg7 21. O-O Qd6 22. Rae1 Nf5 23. Kh2 a5 24. f3 Ra7 25. Qd2 Ba6 26. Bxa6 Rxa6 27. Nexg6 fxg6 28. Rxe6 Qb8 29. Qe2 Qc8 30. Qe5 Rf8 31. g4 hxg4 32. fxg4 Nh6 33. Rg1 Kh7 34. Qg5 Nfg8 35. Qxg6+ Kh8 36. Qg5 Qb8 37. Rxh6+ Nxh6 38. Qxh6+ Kg8 39. Qg5+ Kh7 40. Qh5+ Kg7 41. Qg6+ Kh8 42. Rf1 Ra7 43. Kg2 Raf7 44. Ne6 Qe8 45. Rf5 1-0

[Event "45th FIDE Olympiad 2024"]
[Site "Budapest"]
[Date "2024.09.14"]
[Round "4.97"]
[White "Schitco, Ivan"]
[Black "Salem, A.R. Saleh"]
[Result "1-0"]
[ECO "E95"]
[WhiteElo "2527"]
[BlackElo "2631"]
[Annotator "TA"]
[PlyCount "65"]
[EventDate "2024.09.05"]
[EventType "team-tourn"]
[EventCountry "HUN"]
[SourceTitle "playchess.com"]
[Source "ChessBase"]
[SourceQuality "1"]
[WhiteTeam "Moldova"]
[BlackTeam "United Arab Emirates"]
[WhiteTeamCountry "MDA"]
[BlackTeamCountry "UAE"]
[TimeControl "40/5400+30:1800+30"]

1. c4 g6 2. Nc3 Nf6 3. Nf3 Bg7 4. e4 d6 5. d4 O-O 6. Be2 e5 7. O-O h6 8. Re1 Nbd7 9. dxe5 dxe5 10. Qc2 c6 11. Be3 {White is slightly better.} Qe7 12. h3 Nc5 13. Rad1 Re8 14. b4 {White is more active.} Ne6 15. Nxe5 Qxb4 {Threatens to win with ...Nh5.} 16. Nxf7 Kxf7 17. e5 Nd7 18. f4 {[#]} (18. Ne4 $11 {keeps the balance.} Bxe5 19. c5 (19. Bxh6 Nf6 $11)) 18... Nxf4 19. Bxf4 $11 Nxe5 20. Ne4 $1 $36 {[%mdl 2048] Strongly threatening Nd6+. White is more active.} Bf5 21. Qb3 $1 Bf8 (21... Qxb3 $5 22. Nd6+ $8 Kg8 23. axb3 Re7 $18) 22. Qg3 {Bh5 is the strong threat.} Bxe4 23. Bxe5 {Hoping for Kh1.} Qc5+ 24. Bd4 Bd6 (24... Qg5 $11 {remains equal.} 25. Qf2+ Kg8) 25. Qb3 $16 Qg5 {[#]} (25... Qb4 $16) 26. Bg4 $1 $18 b6 {[#]} (26... Rad8 $142) 27. Rxe4 $1 Rxe4 28. c5+ Qd5 29. Qxd5+ cxd5 30. cxd6 {Rf1+ would now be deadly.} Rd8 31. Bf3 {This pair of bishops is nice.} Rxd6 32. Bxe4 dxe4 33. Kf2 {Weighted Error Value: White=0.08 (flawless) /Black=0.24 (precise) .  Mistake:       	White=1     	Black=4      Inaccurate:     	White=2     	Black=1      OK:         	White=7     	Black=10     Best:        	White=6     	Black=4      Strong:       	White=3     	---} 1-0

[Event "45th FIDE Olympiad 2024"]
[Site "Budapest"]
[Date "2024.09.14"]
[Round "4.98"]
[White "Al Hosani, Omran"]
[Black "Macovei, Andrei"]
[Result "1/2-1/2"]
[ECO "E15"]
[WhiteElo "2241"]
[BlackElo "2464"]
[Annotator "ChessBase"]
[PlyCount "88"]
[EventDate "2024.09.05"]
[EventType "team-tourn"]
[EventCountry "HUN"]
[SourceTitle "playchess.com"]
[Source "ChessBase"]
[SourceQuality "1"]
[WhiteTeam "United Arab Emirates"]
[BlackTeam "Moldova"]
[WhiteTeamCountry "UAE"]
[BlackTeamCountry "MDA"]
[TimeControl "40/5400+30:1800+30"]

1. d4 Nf6 2. c4 e6 3. Nf3 b6 4. g3 Ba6 5. Qc2 c5 6. Bg2 Bb7 7. O-O cxd4 8. Nxd4 Bxg2 9. Kxg2 Be7 10. e4 Qc7 11. b3 O-O 12. Bb2 Nc6 13. Nf3 Rfd8 14. Nc3 Rac8 15. Rfd1 a6 16. Qe2 d6 17. Rac1 Qb7 18. Nd4 Nxd4 19. Rxd4 Nd7 20. Rcd1 Nc5 21. f3 h6 22. R4d2 Rb8 23. Ba3 Rdc8 24. Na4 Nxa4 25. bxa4 Qc6 26. Bxd6 Bxd6 27. Rxd6 Qxa4 28. Rc1 Rc6 29. Rxc6 Qxc6 30. Rb1 Rd8 31. Qf2 Rd6 32. e5 Rd3 33. Rxb6 Qxc4 34. Qe2 Qc3 35. Rb8+ Kh7 36. Qe4+ g6 37. Qb7 Kg7 38. Qe7 Rd2+ 39. Kh3 Rxh2+ 40. Kxh2 Qc2+ 41. Kg1 Qc1+ 42. Kg2 Qc2+ 43. Kh3 Qf5+ 44. Kg2 Qc2+ 1/2-1/2

[Event "45th FIDE Olympiad 2024"]
[Site "Budapest"]
[Date "2024.09.14"]
[Round "4.98"]
[White "Mahendra, Gurung"]
[Black "Carbonell, Nicolas"]
[Result "0-1"]
[ECO "C42"]
[WhiteElo "1725"]
[BlackElo "1798"]
[PlyCount "124"]
[EventDate "2024.09.05"]
[EventType "team-tourn"]
[EventCountry "HUN"]
[WhiteTeam "Bhutan"]
[BlackTeam "Burkina Faso"]
[WhiteTeamCountry "BTN"]
[BlackTeamCountry "BUR"]
[TimeControl "40/5400+30:1800+30"]

1. e4 e5 2. Nf3 Nf6 3. Nc3 d5 4. d4 exd4 5. Qxd4 Nc6 6. Bb5 Be6 7. Bg5 dxe4 8. Qxd8+ Rxd8 9. Nxe4 Be7 10. Bxf6 gxf6 11. O-O O-O 12. c3 Bf5 13. Rfe1 a6 14. Bxc6 bxc6 15. Nd4 Bd7 16. b4 Rfe8 17. Ng3 c5 18. Ndf5 Bf8 19. a3 Re5 20. Rxe5 fxe5 21. Rd1 f6 22. h3 Kf7 23. f3 Ke8 24. h4 Rb8 25. Ne3 cxb4 26. axb4 c6 27. Ne4 Be7 28. Nc4 Be6 29. Ncd6+ Kf8 30. Nc5 Bc8 31. g4 Kg7 32. Nxc8 Bxc5+ 33. bxc5 Rxc8 34. Rd7+ Kg6 35. Ra7 h5 36. Kf2 hxg4 37. fxg4 f5 38. gxf5+ Kxf5 39. Ke3 Rh8 40. Rxa6 Rh6 41. Ra4 Rg6 42. Kf3 Rg1 43. Kf2 Rg6 44. Kf3 Rg1 45. Rb4 Rc1 46. Rc4 e4+ 47. Ke3 Re1+ 48. Kd2 Rh1 49. Rd4 Rh2+ 50. Ke3 Rh3+ 51. Kd2 Rh2+ 52. Ke1 Kf4 53. Kf1 Kf3 54. Ke1 e3 55. Kd1 Rh1+ 56. Kc2 e2 57. Rd3+ Ke4 58. Rd4+ Ke5 59. Rd8 e1=Q 60. Re8+ Kd5 61. Rxe1 Rxe1 62. Kd3 Rh1 {0-} 0-1

[Event "45th FIDE Olympiad 2024"]
[Site "Budapest"]
[Date "2024.09.14"]
[Round "4.99"]
[White "Lashkin, Jegor"]
[Black "Ahmed, Fareed"]
[Result "1-0"]
[ECO "D37"]
[WhiteElo "2472"]
[BlackElo "2061"]
[Annotator "ChessBase"]
[PlyCount "75"]
[EventDate "2024.09.05"]
[EventType "team-tourn"]
[EventCountry "HUN"]
[SourceTitle "playchess.com"]
[Source "ChessBase"]
[SourceQuality "1"]
[WhiteTeam "Moldova"]
[BlackTeam "United Arab Emirates"]
[WhiteTeamCountry "MDA"]
[BlackTeamCountry "UAE"]
[TimeControl "40/5400+30:1800+30"]

1. d4 Nf6 2. c4 e6 3. Nf3 Bb4+ 4. Bd2 Be7 5. Nc3 O-O 6. Bf4 d5 7. e3 b6 8. Bd3 Bb7 9. O-O c5 10. dxc5 bxc5 11. h3 Nc6 12. Re1 d4 13. exd4 cxd4 14. Ne4 Nb4 15. Nxf6+ Bxf6 16. Be4 Bxe4 17. Rxe4 Qb6 18. a3 Qb7 19. Re1 Nc6 20. b4 d3 21. Ra2 Rad8 22. Re3 Nd4 23. Rxd3 Qe4 24. Nxd4 Rxd4 25. Rxd4 Bxd4 26. Bd6 Rd8 27. c5 e5 28. Re2 Qd5 29. Qc2 h6 30. Qa2 Rxd6 31. cxd6 Qxd6 32. Rc2 g6 33. Qc4 Qf6 34. Qc6 Qg5 35. Qe8+ Kg7 36. Rc8 Bxf2+ 37. Kf1 Kf6 38. Qd8+ 1-0

[Event "45th FIDE Olympiad 2024"]
[Site "Budapest"]
[Date "2024.09.14"]
[Round "4.100"]
[White "Sultan, Ibrahim"]
[Black "Iordachescu, Viorel"]
[Result "0-1"]
[ECO "E73"]
[WhiteElo "2206"]
[BlackElo "2572"]
[Annotator "TA"]
[PlyCount "114"]
[EventDate "2024.09.05"]
[EventType "team-tourn"]
[EventCountry "HUN"]
[SourceTitle "playchess.com"]
[Source "ChessBase"]
[SourceQuality "1"]
[WhiteTeam "United Arab Emirates"]
[BlackTeam "Moldova"]
[WhiteTeamCountry "UAE"]
[BlackTeamCountry "MDA"]
[TimeControl "40/5400+30:1800+30"]

1. d4 Nf6 2. c4 g6 3. Nc3 Bg7 4. e4 d6 5. Be2 O-O 6. Be3 c5 7. d5 e6 8. Nf3 exd5 9. cxd5 Bg4 10. Nd2 {The position is equal.} Bxe2 11. Qxe2 Na6 12. O-O Re8 13. h3 Qd7 14. Qd3 Nb4 15. Qb1 b5 16. a3 Na6 17. a4 b4 18. Ne2 Rac8 19. Rc1 Qe7 20. Ng3 Nb8 21. Nc4 Nfd7 22. Bf4 (22. Nd2 $11) 22... Ne5 (22... Be5 $15 23. Nxe5 Nxe5) 23. Bxe5 $11 Bxe5 24. Nf1 Nd7 25. Nfd2 Bf4 26. b3 Ne5 27. Re1 Qf6 28. Qc2 Bxd2 29. Nxd2 h5 30. Rad1 Rc7 31. Re3 Rce7 (31... c4 $5 32. Nxc4 Rec8 $11 (32... Nxc4 33. bxc4 Rec8 34. e5 $11)) 32. Rde1 h4 33. Qc1 Qf4 34. Qc2 Qf6 35. Qc1 Qg5 36. Qc2 f5 37. exf5 gxf5 38. R3e2 (38. Kh1 $5) 38... Rg7 39. f3 Ree7 {White is weak on the dark squares} 40. Kh1 Qf4 41. Nf1 (41. Nc4 {leads to mate.} Nxf3 42. g4 Qg3 (42... Nxe1 $2 43. Rf2 $19) 43. Ne3 Rxe3 (43... Nxe1 44. Qxf5 Qxh3+ 45. Rh2 Qxe3 46. Rf2 Ref7 47. Qe6 Qxf2 48. Qe8+ Kh7 49. Qe4+ Rg6 50. Qxe1 Qxe1+ 51. Kh2 Qg3+ 52. Kh1 Rf1#) 44. Rc1 Rxe2 (44... Qxh3+ {is a self mate.} 45. Rh2 Nxh2 46. Qxh2 Rxg4 47. Rg1 Rxg1+ 48. Kxg1 Re1+ 49. Kf2 Qf1#) 45. Qxe2 Qxh3+) 41... Kf8 42. Re3 Rgf7 43. Qe2 Ng6 44. Qa6 $1 Rxe3 45. Rxe3 Kg7 46. a5 Qg5 {...Nf4 is the strong threat.} 47. Qxd6 Nf4 $40 {[%csl Gf4][%cal Rg5g2][%mdl 128] Black has some attack.} 48. Qe5+ Kh7 49. Qb2 Nxd5 50. Re5 {[#]} (50. Rd3 $11 Nf4 51. Qd2) 50... Qg7 $1 $17 {aiming for ...Nf4. Black is more active.} 51. Re2 Qxb2 52. Rxb2 {[%mdl 4096] Endgame. KRN-KRN} Re7 53. Kg1 (53. g3 $17) 53... Kg6 54. Kf2 {[#]} (54. Rc2 $142 Nc3 55. Rd2) 54... Nc3 (54... Nf4 $1 $19 {[%cal Rf4d3] And now ...Nd3+ would win.} 55. Rd2 c4 56. bxc4 b3) 55. Rd2 f4 {[%cal Oc5c4] Repels Ne3. Threatens to win with ...c4!} 56. Rd6+ Kf5 {[%cal Oc5c4] Strongly threatening ...c4!} 57. Rd2 $2 {[%mdl 8192] [#]} (57. Nd2 $15) 57... c4 $1 {[%mdl 512] Weighted Error Value: White=0.26 (precise) /Black=0.08 (flawless) .  Loses game:     	White=1     	---        Mistake:       	White=4     	Black=2      Inaccurate:     	White=3     	Black=3      OK:         	White=13    	Black=22     Best:        	White=6     	Black=2      Strong:       	White=1     	Black=1      Brilliant:      	---       	Black=1} 0-1

[Event "45th FIDE Olympiad 2024"]
[Site "Budapest"]
[Date "2024.09.14"]
[Round "4.100"]
[White "Lhundrup M Dorji"]
[Black "Lompo, Boammani Aser"]
[Result "1-0"]
[ECO "B13"]
[WhiteElo "1715"]
[BlackElo "1568"]
[PlyCount "37"]
[EventDate "2024.09.05"]
[EventType "team-tourn"]
[EventCountry "HUN"]
[WhiteTeam "Bhutan"]
[BlackTeam "Burkina Faso"]
[WhiteTeamCountry "BTN"]
[BlackTeamCountry "BUR"]
[TimeControl "40/5400+30:1800+30"]

1. e4 c6 2. d4 d5 3. exd5 cxd5 4. Bd3 Nc6 5. c3 Nf6 6. h3 e6 7. Bf4 Bd6 8. Bxd6 Qxd6 9. Nf3 Bd7 10. Nbd2 Kd8 11. O-O e5 12. dxe5 Nxe5 13. Nxe5 Qxe5 14. Nf3 Qf4 15. Re1 h6 16. Ne5 Be6 17. Qb3 Kc7 18. g3 Qg5 19. Nxf7 1-0

[Event "45th FIDE Olympiad 2024"]
[Site "Budapest"]
[Date "2024.09.14"]
[Round "4.101"]
[White "Duran Vega, Sergio"]
[Black "Albornoz Cabrera, Carlos Daniel"]
[Result "0-1"]
[ECO "D35"]
[WhiteElo "2308"]
[BlackElo "2579"]
[Annotator "TA"]
[PlyCount "56"]
[EventDate "2024.09.05"]
[EventType "team-tourn"]
[EventCountry "HUN"]
[SourceTitle "playchess.com"]
[Source "ChessBase"]
[SourceQuality "1"]
[WhiteTeam "Costa Rica"]
[BlackTeam "Cuba"]
[WhiteTeamCountry "CRI"]
[BlackTeamCountry "CUB"]
[TimeControl "40/5400+30:1800+30"]

1. c4 e6 2. Nc3 d5 3. d4 Nf6 4. cxd5 exd5 5. Bg5 Be6 6. e3 Nbd7 7. Bd3 c6 8. Nf3 {White is slightly better.} h6 9. Bf4 g5 10. Bg3 Nh5 11. Be5 Nhf6 12. Bg3 Nh5 13. Be5 Nxe5 14. Nxe5 Nf6 15. Qc2 Bd6 16. Bf5 {[#] Bxe6 would now be deadly.} Qc8 17. Bxe6 Qxe6 18. Nd3 Qg4 19. f3 Qe6 20. Qe2 O-O-O 21. b4 (21. O-O $11) 21... Rhe8 $17 {Black is more active.} 22. Kd2 Nd7 {aiming for ...Nb6.} 23. Nc5 (23. Na4 $17) 23... Qf6 $19 24. Kc2 Nxc5 25. bxc5 Bf4 26. Nd1 {[#]} (26. Rad1 {was worth a try.}) 26... Qxd4 {Black is clearly winning.} 27. Qd3 (27. Rc1 $142) 27... Qxa1 28. exf4 Rd7 {Weighted Error Value: White=0.73/Black=0.03 (flawless) .  Mistake:       	White=4     	---        Inaccurate:     	White=4     	---        OK:         	White=7     	Black=13     Best:        	---       	Black=2} 0-1